Map: Acid Plant LE

Players

Cele

  • Race: Zerg Zerg
  • League: Diamond
  • Spawn Location: 5:00

ClydefroG - Winner!

  • Race: Terran Terran
  • Spawn Location: 11:00

VOD

Have the link to the VOD?

Description

Time

  • Played on: Oct. 30, 2018, 6 p.m.
  • Length: 12:11
Show
View Real Time Build Order
Export as new Build Order

Cele Zerg 

Build Orders: Hatch First 

Get SALT Encoding   

  12  0:01  Drone  
  13  0:12  Overlord  
  13  0:17  Drone  
  14  0:30  Drone x2  
  14  0:34  Drone  
  17  0:51  Hatchery  
  16  0:58  Drone  
  16  0:59  Drone  
  18  1:12  Extractor  
  18  1:13  Spawning Pool  
  18  1:16  Drone  
  17  1:19  Drone  
  18  1:28  Drone  
  19  1:39  Overlord  
  19  1:49  Drone  
  20  1:59  Queen  
  23  2:01  Zergling x2  
  23  2:03  Queen  
  23  2:04  Zergling x2  
  26  2:11  Metabolic Boost  
  26  2:13  Drone  
  27  2:16  Drone  
  27  2:21  Drone  
  29  2:25  Drone  
  30  2:33  Overlord  
  30  2:36  Drone  
  31  2:48  Hatchery  
  30  2:53  Overlord  
  30  2:55  Drone x2  
  32  3:01  Drone  
  32  3:03  Queen  
  35  3:07  Drone  
  35  3:12  Drone  
  37  3:17  Queen  
  39  3:23  Drone  
  39  3:24  Overlord  
  40  3:28  Drone x4  
  44  3:43  Zergling x2  
  44  3:44  Zergling x6  
  44  3:46  Queen  
  50  3:50  Overlord  
  49  3:57  Drone x2  
  49  4:01  Pneumatized Carapace  
  50  4:10  Drone x2  
  50  4:11  Zergling x6  
  50  4:13  Drone  
  50  4:15  Drone  
  50  4:16  Extractor  
  56  4:18  Evolution Chamber  
  55  4:27  Zergling x6  
  55  4:31  Queen  
  58  4:32  Queen  
  58  4:34  Overlord x2  
  62  4:49  Drone x4  
  65  5:00  Zerg Ground Armor Level 1  
  65  5:02  Drone x6  
  65  5:03  Queen  
  65  5:07  Queen  
  73  5:12  Overlord  
  70  5:23  Zergling x16  
  70  5:24  Zergling x6  
  81  5:36  Drone, Spore Crawler  
  81  5:37  Drone x7  
  81  5:42  Roach Warren, Evolution Chamber  
  86  5:53  Lair  
  86  6:04  Hatchery  
  85  6:10  Queen  
  87  6:15  Zerg Missile Weapons Level 1  
  87  6:16  Drone x2  
  89  6:18  Overlord x7, Extractor  
  88  6:29  Overlord  
  85  6:57  Glial Reconstitution  
  85  7:03  Drone x3  
  85  7:04  Drone  
  85  7:07  Drone  
  90  7:12  Spore Crawler  
  90  7:13  Drone x2  
  90  7:14  Drone x6  
  97  7:17  Extractor  
  97  7:18  Extractor  
  97  7:20  Roach  
  97  7:21  Roach x7  
  111  7:25  Queen  
  113  7:31  Overseer  
  113  7:35  Queen  
  115  7:40  Hatchery  
  115  7:43  Drone x3  
  115  7:51  Spore Crawler  
  114  7:56  Drone x2  
  114  7:57  Drone x2  
  118  7:59  Infestation Pit  
  118  8:00  Extractor  
  118  8:02  Roach  
  118  8:03  Roach x7  
  132  8:08  Zerg Ground Armor Level 2  
  132  8:20  Drone x10  
  132  8:25  Zerg Missile Weapons Level 2  
  142  8:28  Roach  
  142  8:29  Roach x4  
  152  8:46  Hive  
  152  9:03  Ravager x6  
  152  9:04  Overlord, Ravager  
  152  9:05  Overlord x5  
  159  9:13  Extractor, Drone x5  
  159  9:14  Extractor  
  159  9:15  Ravager x2  
  131  9:34  Roach x13  
  131  9:35  Roach  
  126  9:46  Roach x7  
  136  10:03  Swarm Host  
  116  10:22  Roach  
  116  10:23  Roach x12  
  122  10:50  Zergling x2  
  122  10:51  Zergling x20  
  133  11:04  Roach x5  
  133  11:06  Ravager x2  
  141  11:11  Ravager  
  141  11:18  Zergling x10  
  144  11:25  Roach  
  142  11:32  Roach x3  
  140  11:44  Roach x3  
  126  11:49  Hatchery  
  126  11:51  Roach  
  126  11:52  Roach x2  
Show
View Real Time Build Order
Export as new Build Order

ClydefroG Terran - Winner!

Build Orders: Reaper Expand 

Get SALT Encoding   

  12  0:00  SCV  
  13  0:13  SCV  
  14  0:17  Supply Depot  
  14  0:25  SCV  
  15  0:38  SCV  
  15  0:41  Barracks  
  16  0:46  Refinery  
  16  0:50  SCV  
  17  1:02  SCV  
  18  1:15  SCV  
  19  1:28  Orbital Command  
  19  1:29  Reaper  
  20  1:40  Command Center  
  20  1:54  SCV  
  20  1:55  Supply Depot  
  21  2:01  Marine  
  21  2:06  Factory  
  22  2:17  SCV  
  23  2:28  Barracks Reactor  
  23  3:01  Refinery  
  23  3:03  SCV, Orbital Command  
  23  3:05  Starport  
  24  3:12  Hellion x2  
  28  3:14  Barracks Tech Lab  
  28  3:16  SCV  
  29  3:34  Hellion x2  
  33  3:40  SCV x2  
  35  3:52  SCV x2  
  35  3:53  Command Center  
  36  4:11  Hellion x2  
  36  4:13  Raven  
  42  4:19  SCV x2  
  44  4:30  Supply Depot  
  44  4:31  SCV x2  
  44  4:32  Supply Depot  
  46  4:52  Hellion x2  
  50  5:00  Raven  
  50  5:03  SCV x2  
  50  5:05  Orbital Command  
  54  5:12  Barracks Tech Lab, Barracks  
  54  5:13  Barracks Reactor  
  54  5:16  Barracks  
  42  5:29  SCV  
  42  5:30  SCV  
  42  5:32  Refinery, Hellion x2  
  42  5:33  Refinery  
  48  5:53  Starport Reactor  
  48  6:12  Orbital Command  
  48  6:19  Barracks  
  48  6:22  Barracks  
  48  6:23  Supply Depot  
  48  6:24  Engineering Bay  
  48  6:25  Engineering Bay, Supply Depot  
  48  6:26  Factory Tech Lab, Marine x5  
  48  6:28  Stimpack  
  53  6:44  Marine x5  
  58  6:52  Siege Tank  
  58  6:53  Medivac x2  
  65  7:01  SCV  
  65  7:02  SCV x2, Marine x3  
  65  7:04  Marine x2  
  73  7:08  Terran Infantry Armor Level 1, Terran Infantry Weapons Level 1  
  73  7:14  SCV, Supply Depot  
  74  7:16  Supply Depot  
  74  7:17  SCV x2  
  74  7:19  Marine  
  74  7:20  Marine  
  78  7:24  Marine x2, Siege Tank  
  78  7:25  Barracks Reactor  
  78  7:27  Barracks Reactor  
  78  7:29  Medivac  
  85  7:46  Marine x4  
  85  7:47  Marine  
  90  7:51  Supply Depot  
  90  7:52  Supply Depot  
  90  7:57  Siege Tank  
  90  7:58  SCV x3  
  96  8:04  Marine x2  
  98  8:06  Marine x7  
  105  8:14  Medivac  
  105  8:17  SCV x2  
  105  8:18  SCV, Barracks  
  105  8:19  Barracks  
  110  8:22  Marine x2  
  110  8:24  Armory, Marine x7  
  119  8:31  Combat Shield  
  119  8:33  Siege Tank  
  122  8:39  Marine  
  122  8:40  Marine  
  124  8:42  Factory, Marine  
  125  8:52  Supply Depot  
  125  8:53  Supply Depot x2  
  125  8:56  Marine  
  125  8:57  Marine  
  125  9:13  Marine x4, Medivac x2  
  125  9:14  Barracks Tech Lab  
  125  9:15  Barracks Tech Lab, Marine x3, Siege Tank  
  125  9:16  Marauder, Marine  
  134  9:31  Marine x2  
  121  9:40  Marine x4  
  121  9:41  Marine x5  
  121  9:44  Factory Tech Lab  
  124  9:47  Siege Tank  
  124  9:49  Marine x2  
  129  9:58  Marine  
  129  9:59  Marauder x3  
  136  10:09  Marine  
  136  10:10  Marine x6  
  136  10:11  Siege Tank  
  144  10:16  Marine  
  144  10:20  Marauder x2, Marine  
  143  10:22  SCV  
  143  10:23  SCV  
  143  10:27  Marine x2  
  144  10:38  Marauder  
  143  10:47  Marine  
  143  10:48  Marine x9  
  145  10:59  Marine  
  146  11:05  Marine x3  
  149  11:23  Marine  
  149  11:40  Marine x3  
  149  11:41  Marine, Supply Depot x2  
  149  11:42  Marine x5  
  149  11:43  Marauder x2, Supply Depot  
  149  11:45  Supply Depot  
  148  11:48  Supply Depot  
  149  12:01  Command Center  
Tags
 
Add a new tag
Caveats
  • Supply blocks, unpowered buildings, or Contaminate may cause inaccurate times.
  • Supply counts are checked every 10 seconds.